 Dungeon Crawl Stone Soup version 0.31.0-32-g396128a36d (webtiles) character file.

Game seed: 13657177120088178674

8563 adizb the Spear-Bearer (level 11, -3/89 HPs)
             Began as a Merfolk Gladiator on Mar 27, 2024.
             Was a Priest of Dithmenos.
             Slain by a yak (8 damage)
             ... led by a torpor snail
             ... on level 1 of the Lair of Beasts.
             The game lasted 01:11:10 (8113 turns).

adizb the Spear-Bearer (Merfolk Gladiator)          Turns: 8113, Time: 01:11:11

Health: -3/89      AC: 14    Str: 17    XL:     11   Next: 32%
Magic:  0/14       EV: 17    Int:  9    God:    Dithmenos [***...]
Gold:   409        SH:  5    Dex: 16    Spells: 5/14 levels left

rFire   + . .        a - +3 trident
rCold   . . .        (no shield)
rNeg    . . .        x - +3 leather armour {rF+}
rPois   .            c - +0 helmet
rElec   .            G - +2 cloak {rCorr}
rCorr   +            q - +0 pair of gloves
SInv    .            h - +0 pair of boots
Will    .....        p - amulet of reflection
Stlth   +++++        v - ring of flight
HPRegen 0.34/turn    (no ring)
MPRegen 0.14/turn

%: reflection
@: flying, very slightly contaminated, slowed, wreathed by umbra, very slow
A: (nimble swimmer 2), mertail, iridescent scales 1, mutation resistance 1,
sense surroundings 1
a: Renounce Religion, Shadow Step


You were on level 1 of the Lair of Beasts.
You worshipped Dithmenos.
Dithmenos was most pleased with you.
You visited 3 branches of the dungeon, and saw 11 of its levels.
You also visited: Sewer and Ice Cave.

You collected 466 gold pieces.
You spent 57 gold pieces at shops.

Inventory:

Hand Weapons
 a - a +3 trident (weapon)
Missiles
 d - a throwing net
 e - 5 javelins (quivered)
 g - 5 curare-tipped darts
 r - 4 boomerangs
Armour
 c - a +0 helmet (worn)
 h - a +0 pair of boots (worn)
 j - a +0 troll leather armour {Pargi}
 m - a +0 ring mail
 q - a +0 pair of gloves (worn)
 x - a +3 leather armour of fire resistance (worn)
 D - +0 steam dragon scales
 G - a +2 cloak of preservation (worn)
 I - a +1 leather armour of positive energy
Jewellery
 p - an amulet of reflection (around neck)
 v - a ring of flight (left hand)
Wands
 b - a wand of acid (10)
 t - a wand of mindburst (17)
 u - a wand of paralysis (1)
 F - a wand of roots (5)
Scrolls
 f - a scroll of immolation
 y - 3 scrolls of fog
 A - 3 scrolls of teleportation
Potions
 i - a potion of haste
 k - 2 potions of lignification
 l - 2 potions of mutation
 n - a potion of curing
 o - 2 potions of magic {unknown}
 s - a potion of resistance
 w - 2 potions of enlightenment {unknown}
 z - a potion of experience {unknown}
 B - a potion of brilliance {unknown}
 C - 2 potions of heal wounds {unknown}
 E - a potion of attraction {unknown}
 H - a potion of might {unknown}


   Skills:
 + Level 9.4 Fighting
 + Level 12.2 Polearms
 - Level 2.0 Throwing
 + Level 0.5 Armour
 + Level 10.2 Dodging
 + Level 8.1 Stealth
 - Level 2.0 Spellcasting
 + Level 0.5 Conjurations
 + Level 0.5 Fire Magic
 + Level 8.4 Alchemy


You had 5 spell levels left.
You knew the following spells:

 Your Spells              Type           Power      Damage    Failure   Level
a - Olgreb's Toxic Radia  Alch           16%        N/A       12%         4
b - Sting                 Conj/Alch      36%        1d5       6%          1
c - Sticky Flame          Fire/Alch      9%         2d5       52%         4

Your spell library contained the following spells:

 Spells                   Type           Power      Damage    Failure   Level
 Mercury Vapours          Alch/Air       16%        N/A       11%         2
 Magic Dart               Conj           4%         1d3       30%         1
 Mephitic Cloud           Conj/Alch/Air  6%         N/A       34%         3
 Necrotise                Necr           0%         1d4       36%         1
 Searing Ray              Conj           2%         2d4       43%         2
 Momentum Strike          Conj/Tloc      2%         3d8       47%         2
 Blink                    Tloc           0%         N/A       52%         2
 Lesser Beckoning         Tloc           0%         N/A       52%         2
 Fulminant Prism          Conj/Alch      4%         3d5       52%         4
 Ignite Poison            Fire/Alch      9%         N/A       52%         4
 Vampiric Draining        Necr           0%         2d6       75%         3
 Martyr's Knell           Necr/Summ      0%         N/A       98%         4
 Summon Lightning Spire   Summ/Air       0%         N/A       98%         4
 Curse of Agony           Necr           0%         N/A       100%        5
 Silence                  Hex/Air        0%         N/A       100%        5
 Ignition                 Fire           0%         3d3       100%        8


Dungeon Overview and Level Annotations

Branches:
Dungeon (9/15)             Temple (1/1) D:5            Lair (1/5) D:9
  Sewer (visited)           IceCv (visited)
    Orc: D:9-12

Altars:
Ashenzari
Cheibriados
Dithmenos
Elyvilon
Fedhas
Gozag
Hepliaklqana
Kikubaaqudgha
Makhleb
Okawaru
Qazlal
Ru
Sif Muna
Trog
Uskayaw
Vehumet
Wu Jian
Xom
Yredelemnul
Zin
The Shining One

Shops:
D:2 *   D:5 :


Innate Abilities, Weirdness & Mutations

((You are very nimble when in or above water. (Stealth+, EV+, Speed+++)))
Your lower body shifts to a powerful aquatic tail in water.
You are partially covered in iridescent scales. (AC +2)
You are somewhat resistant to further mutation.
You passively map a small area around you.


Message History

The blink frog misses you.
The blink frog blinks!
You hit the blink frog.
The blink frog is moderately wounded.
The blink frog blinks! x2; The blink frog misses you.
The yak gores you! The yak gores you but does no damage.
You hit the blink frog.
The blink frog is heavily wounded.
The blink frog barely misses you. The yak completely misses you.
The blink frog closely misses you. The yak gores you but does no damage.
The blink frog hits you but does no damage.
You barely miss the blink frog.
The blink frog is heavily wounded.
The blink frog closely misses you. The yak misses you.
The blink frog closely misses you. The blink frog barely misses you.
Okay, then.
Casting: Olgreb's Toxic Radiance (dangerous; 12% risk of failure)
Confirm with . or Enter, or press ? or * to list all spells.
Okay, then.
Okay, then.
You closely miss the blink frog.
The blink frog is heavily wounded.
Your shadow hits the blink frog with a trident.
The blink frog misses you.
The blink frog blinks!
The yak gores you! The blink frog misses you.
The blink frog blinks!
The blink frog misses you.
You hit the blink frog.
The blink frog is heavily wounded.
The blink frog looks more healthy.
The blink frog blinks!
The yak gores you!
The blink frog blinks!
The torpor snail bites you!
* * * LOW HITPOINT WARNING * * *
The blink frog blinks!
Aiming: Shadow Step
Press: ? - help, Dir - move target, f - blink frog
Aim: a blink frog (heavily wounded, poisoned, umbra)
You step into the blink frog's shadow.
Your shadow no longer tangibly mimics your actions.
The blink frog looks more healthy. x2; You block the blink frog's attack.
The yak misses you. The yak gores you!
* * * LOW HITPOINT WARNING * * *
The blink frog barely misses you. The yak gores you!
You die...

##.##....##### *,
#####.### ** #.#
###.# ,
#...########## ,
##.#..##.....# **
#.......#...###P#
###.###.#........
, ### #.F@..# ,
#.YY..# ,,
#Y#/.## , #Yw.##
#.#F#* * #..FF. ,
#.....# ,, ,
........, *, ,
#.......#


You could see a torpor snail, 4 yaks and 4 blink frogs.

Vanquished Creatures
  An ugly thing (IceCv)
  Maurice (D:9)
  Joseph (D:7)
  The ghost of community the Trooper, a novice DsFi of Okawaru (D:5)
  An unseen horror zombie (D:9)
  An unseen horror skeleton (D:9)
  Grinder (D:4)
  8 yaks (D:9)
  A wyvern (D:8)
  2 steam dragons (D:9)
  Grum (D:9)
  Duvessa (D:6)
  4 water moccasins
  3 black bears
  Pargi (Sewer)
  2 orc warriors
  An ice beast (D:6)
  5 ogres
  2 wolves (D:9)
  2 centaurs
  2 phantoms
  2 brain worms (Sewer)
  Blork the orc (D:4)
  2 bullfrogs
  2 cane toad simulacra (IceCv)
  2 scorpions (D:5)
  4 wights (D:9)
  A burial acolyte (D:9)
  Dowan (D:6)
  13 killer bees
  An elephant simulacrum (IceCv)
  5 electric eels
  2 howler monkeys
  2 bombardier beetles
  2 centaur zombies (D:9)
  A human zombie (D:9)
  A jelly (D:5)
  A hound (D:5)
  3 orc priests (D:6)
  A gnoll bouda (D:7)
  A sleepcap (D:5)
  Natasha (twice) (D:2)
  An iguana (D:7)
  9 orc wizards
  A wolf simulacrum (IceCv)
  A polar bear simulacrum (IceCv)
  2 howler monkey zombies (D:9)
  9 adders
  8 gnolls (D:7)
  A river rat (D:6)
  2 shadow imps
  A white imp (D:7)
  3 dart slugs
  2 ribbon worms
  26 orcs
  A bat skeleton (D:2)
  A bat zombie (D:2)
  5 endoplasms
  2 giant cockroaches (D:1)
  8 goblins
  11 hobgoblins
  6 kobolds
  8 quokkas
  11 ball pythons
  A ball python skeleton (D:2)
  5 bats (D:3)
  9 frilled lizards
  A giant cockroach zombie (D:2)
  A quokka simulacrum (D:2)
  A quokka zombie (D:2)
  9 rats
238 creatures vanquished.

Vanquished Creatures (collateral kills)
  An orc wizard (D:6)
1 creature vanquished.

Grand Total: 239 creatures vanquished

Notes
Turn   | Place    | Note
-------+----------+-------------------------------------------
     0 | D:1      | adizb the Merfolk Gladiator began the quest for the Orb.
     0 | D:1      | Reached XP level 1. HP: 16/16 MP: 1/1
   118 | D:1      | Reached XP level 2. HP: 23/23 MP: 2/2
   186 | D:1      | Reached skill level 1 in Stealth
   268 | D:1      | Reached XP level 3. HP: 27/28 MP: 3/3
   625 | D:2      | Found a faded altar of an unknown god.
   940 | D:2      | Reached XP level 4. HP: 28/34 MP: 5/5
  1034 | D:2      | Noticed Natasha
  1044 | D:2      | Reached skill level 1 in Spellcasting
  1048 | D:2      | Killed Natasha
  1093 | D:2      | Identified the +9 dagger of Ekocha Xedo {pain, rPois rCorr
                  | Dex-4}
  1107 | D:2      | Noticed Natasha
  1116 | D:2      | Killed Natasha
  1117 | D:2      | Reached skill level 5 in Dodging
  1117 | D:2      | Reached XP level 5. HP: 33/41 MP: 6/6
  1171 | D:2      | Found Nufyfit's Assorted Antiques.
  1180 | D:2      | Bought a scroll labelled RUZARH IDOIJAJ for 30 gold pieces
  1180 | D:2      | Bought a puce potion for 27 gold pieces
  1246 | D:2      | Reached skill level 5 in Polearms
  1635 | D:3      | Learned a level 4 spell: Olgreb's Toxic Radiance
  1757 | D:3      | Found a snail-covered altar of Cheibriados.
  1874 | D:3      | Found a basalt altar of Yredelemnul.
  1930 | D:3      | You fall into a shaft and drop 1 floor!
  2442 | D:4      | Noticed an ogre
  2548 | D:4      | Reached skill level 1 in Alchemy
  2548 | D:4      | Reached XP level 6. HP: 45/47 MP: 7/7
  2571 | D:4      | Noticed Grinder
  2585 | D:4      | Paralysed by Grinder for 2 turns
  2611 | D:5      | Entered Level 5 of the Dungeon
  2802 | D:4      | Noticed Blork the orc
  2820 | D:4      | Killed Blork the orc
  3059 | D:4      | Noticed a black bear
  3207 | D:5      | Found a staircase to the Ecumenical Temple.
  3221 | Temple   | Entered the Ecumenical Temple
  3237 | Temple   | Became a worshipper of Dithmenos the Shadowed
  3258 | D:5      | Reached skill level 6 in Polearms
  3471 | D:5      | Reached XP level 7. HP: 24/54 MP: 9/9
  3611 | D:5      | Found Hynerr's Book Boutique.
  3861 | D:5      | Reached skill level 7 in Polearms
  3892 | D:5      | Found a runed translucent door.
  3901 | D:5      | Noticed community's ghost (novice DsFi)
  4001 | D:4      | Reached XP level 8. HP: 56/61 MP: 11/11
  4110 | D:4      | Killed Grinder
  4125 | D:4      | Reached skill level 8 in Polearms
  4268 | D:6      | Reached skill level 5 in Fighting
  4342 | D:6      | Reached * piety under Dithmenos
  4390 | D:6      | Found a glowing drain.
  4394 | Sewer    | Entered a sewer
  4465 | Sewer    | Noticed Pargi
  4500 | Sewer    | Killed Pargi
  4715 | D:6      | Gained mutation: You passively map a small area around you.
                  | [potion of mutation]
  4715 | D:6      | Gained mutation: You are somewhat resistant to further
                  | mutation. [potion of mutation]
  4715 | D:6      | Gained mutation: You are partially covered in iridescent
                  | scales. (AC +2) [potion of mutation]
  4716 | D:6      | HP: 1/62 [poisoned by an orc priest]
  4827 | D:6      | Reached skill level 9 in Polearms
  4827 | D:6      | Reached skill level 5 in Stealth
  4835 | D:6      | Reached XP level 9. HP: 11/68 MP: 12/12
  4835 | D:6      | HP: 1/68 [electric eel/bolt of electricity (11)]
  5001 | D:6      | Reached ** piety under Dithmenos
  5018 | D:6      | Reached skill level 5 in Alchemy
  5187 | D:6      | Found a sacrificial altar of Ru.
  5191 | D:6      | Noticed Dowan
  5194 | D:6      | Noticed Duvessa
  5212 | D:6      | Killed Duvessa
  5217 | D:6      | Killed Dowan
  5382 | D:7      | Reached skill level 10 in Polearms
  5450 | D:7      | Found a hazy altar of Hepliaklqana.
  5466 | D:7      | Found a radiant altar of Vehumet.
  5536 | D:7      | Got the Tome of the Sky
  5584 | D:7      | Noticed Joseph
  5594 | D:7      | Killed Joseph
  5776 | D:7      | Learned a level 1 spell: Sting
  5902 | D:8      | Found a burning altar of Makhleb.
  6016 | D:8      | Reached XP level 10. HP: 72/77 MP: 13/13
  6064 | D:8      | Reached skill level 11 in Polearms
  6080 | D:8      | Found a shimmering altar of Xom.
  6082 | D:8      | Found a broken altar of Ashenzari.
  6327 | D:5      | Killed community's ghost
  6773 | D:9      | Found a staircase to the Lair.
  6800 | D:9      | Reached *** piety under Dithmenos
  7200 | D:9      | Noticed Maurice
  7210 | D:9      | Maurice stole 4 boomerangs
  7213 | D:9      | Something stole 355 gold
  7246 | D:9      | Killed Maurice
  7251 | D:9      | Noticed Grum
  7346 | D:9      | Killed Grum
  7441 | D:9      | Found an ancient bone altar of Kikubaaqudgha.
  7475 | D:9      | Reached XP level 11. HP: 87/87 MP: 14/14
  7528 | D:9      | Reached skill level 12 in Polearms
  7536 | D:9      | Reached skill level 10 in Dodging
  7548 | D:9      | Reached **** piety under Dithmenos
  7569 | D:9      | Learned a level 4 spell: Sticky Flame
  7715 | D:9      | Found a bloodstained altar of Trog.
  7778 | Lair:1   | Entered Level 1 of the Lair of Beasts
  7783 | Lair:1   | Found a frozen archway.
  7790 | IceCv    | Entered an ice cave
  7825 | IceCv    | Noticed a white ugly thing
  7880 | IceCv    | Killed a white ugly thing
  8113 | Lair:1   | Slain by a yak

Illustrated notes

Levels and vault maps discovered:
D:1:      scummos_arrival_simple_fountains, layout_loops_ring
D:2:      layout_basic, serial_shops, shop, nicolae_ecumenical_oubliette,
          hex_tiny, st_stairs_2, dilly_guarded_unrand_morg
D:3:      layout_basic, mainiacjoe_overflow_chevrons,
          mainiacjoe_overflow_alcove_4
D:4:      layout_cave_pools, minmay_tree_intersection, uniq_grinder,
          uniq_blork_the_orc
D:5:      layout_rooms, minmay_temple_entry_sparse_star, ebering_ghost_sewer_d,
          serial_shops, nicolae_shop_behind_doors
D:6:      layout_gridville, nicolae_ru_awakened_eye, gup_sewer_entry_spiral,
          chequers_big_river, uniq_duvessa
D:7:      layout_rooms, mainiacjoe_overflow_big_doors, uniq_joseph
D:8:      layout_rooms, bloody_makhleb, nicolae_overflow_squiral,
          eino_small_chamber_without_monster
D:9:      layout_basic, lemuel_mausoleum_altar_kikubaaqudgha,
          trog_ov_bears_minmay, lair_entry_dummy, uniq_maurice, uniq_grum
Temple:   nicolae_temple_ecumenical_triangle
Lair:1:   layout_loops_ring, portal_ice_cave_entry_pillars_1, grunt_megastairs_2

Skill      XL: |  1  2  3  4  5  6  7  8  9 10 11 |
---------------+----------------------------------+-----
Stealth        | 1 2 3 4 5 6 7 8 |  8.1
Spellcasting   | 1 2 |  2.0
Fighting       | 3 4 5 6 8 9 |  9.4
Dodging        | 5 6 7 8 9 10 | 10.2
Polearms       | 5 6 7 9 10 11 12 | 12.2
Alchemy        | 1 2 3 4 6 7 8 |  8.4
Throwing       | |  2.0
Armour         | |  0.5
Conjurations   | |  0.5
Fire Magic     | |  0.5

Action                     |  1- 3 |  4- 6 |  7- 9 | 10-12 || total
---------------------------+-------+-------+-------+-------++-------
  Melee: Trident           |    89 |   191 |   368 |   392 ||  1040
         Punch             |       |     1 |     8 |     4 ||    13
         Tailslap          |       |       |     2 |       ||     2
  Throw: Boomerang         |       |    13 |    14 |    13 ||    40
         Throwing net      |       |     3 |     4 |     1 ||     8
         Dart              |       |     3 |       |     1 ||     4
         Javelin           |       |       |     1 |     3 ||     4
   Cast: Sting             |       |       |     2 |    10 ||    12
         Olgreb's Toxic Ra |       |       |       |     4 ||     4
 Invoke: Shadow Step       |       |       |       |     1 ||     1
  Evoke: Wand              |       |       |       |     1 ||     1
    Use: Scroll            |     3 |     4 |    13 |     2 ||    22
         Potion            |       |       |     3 |     1 ||     4
   Stab: Sleeping          |     1 |     4 |    12 |    10 ||    27
         Distracted        |       |     1 |     1 |     4 ||     6
         Held in net/web   |       |       |     1 |       ||     1
 Armour: Leather armour    |    17 |       |    36 |   158 ||   211
         Ring mail         |     8 |   100 |    40 |       ||   148
         Troll leather arm |       |       |    76 |       ||    76
  Dodge: Dodged            |    26 |    93 |   126 |   259 ||   504
  Block: Other             |       |       |     8 |    88 ||    96
         Reflection        |       |       |     4 |     2 ||     6
